AoeStats
← tomasekh007

Arabian Desert

509144813Analyzed
1v1 RM · 6d ago on Sep 25, 2026· 34m 52s· 2 players
Game mode
Random Map
Map size
Tiny (2 player)
Population
200
Speed
Normal
Resources
Standard
Victory
Conquest
Starting age
Dark Age
Ending age
Imperial Age
RankedLock teamsTeams togetherTeam positionsShared explorationLock speedFull tech treeHidden civsTurbo modeCheats
Victory
Defeat
🇨🇿 Koreans · Czechia
609
+15
🇦🇷 Celts · Argentina
582
-23
pabloignp
11:30 Feudal Age
12:01 Double-Bit Axe
14:30 Wheelbarrow
16:48 Gold Mining
27:28 Castle Age
25:28 Horse Collar
32:09 Husbandry
tomasekh007
6:19 Loom
10:55 Feudal Age
12:00 Double-Bit Axe
13:31 Man-at-Arms
14:31 Horse Collar
16:42 Wheelbarrow
18:52 Arson
19:39 Fletching
26:52 Castle Age
27:36 Crossbowman
28:55 Thumb Ring
29:29 Heavy Plow
31:50 Bodkin Arrow
34:02 Forging
33:53 Scale Mail Armor
34:26 Murder Holes
34:47 Masonry
34:55 Hand Cart
Connection lost

Rejoining the realm…

Still unreachable

The connection could not be restored.

Session expired

The server has moved on; the page needs a fresh start.